 Dungeon Crawl Stone Soup version 0.29.1-13-g9f3cf754e1 (webtiles) character file.

Game seed: 11874325973257376657

12182 leafyfresh the Spry (level 12, -25/82 HPs)
             Began as a Djinni Ice Elementalist on Feb 3, 2023.
             Was an Elder of Makhleb.
             Hit by a silver javelin thrown by a minotaur (33 damage)
             ... in a Gauntlet.
             The game lasted 00:48:38 (10295 turns).

leafyfresh the Spry (Djinni Ice Elementalist)      Turns: 10295, Time: 00:48:39

Health: -25/82     AC:  5    Str:  6    XL:     12   Next: 17%
Gold:   946        EV: 19    Int: 26    God:    Makhleb [****..] SH:  0 Dex: 13

rFire   + + .      SeeInvis +   t - staff of cold
rCold   . . .      Faith    .   (no shield)
rNeg    + . .      Spirit   .   a - +1 robe
rPois   ∞          Reflect  .   (helmet restricted)
rElec   .          Harm     .   v - +2 cloak
rCorr   .          Rampage  .   (no gloves)
Will    ++...      NoTele   +   (boots unavailable)
Stlth   +++.......              h - amulet of regeneration
HPRegen 1.03/turn               L - ring of see invisible
MPRegen 0.00/turn               o - ring of Amelioration {rN+ Will+ Stlth+}

@: flying, very slightly contaminated
A: sickness immunity, fire resistance 2, cold vulnerability 1, float, innate
caster, HP casting, extra vitality 1, antennae 1, clever 1, deformed body
a: Renounce Religion, Minor Destruction, Lesser Servant of Makhleb, Major
Destruction


You were in a Gauntlet.
You worshipped Makhleb.
Makhleb was greatly pleased with you.
You visited 3 branches of the dungeon, and saw 13 of its levels.
You also visited: Gauntlet.

You collected 946 gold pieces.

Inventory:

Hand Weapons
 d - a +2 mace of protection
 k - a +0 dire flail
Armour
 a - a +1 robe (worn)
 c - a +0 leather armour of fire resistance
 v - a +2 cloak (worn)
 H - a +0 helmet of see invisible
Magical Staves
 b - a staff of poison
 t - a staff of cold (weapon)
Jewellery
 h - an amulet of regeneration (around neck)
 o - the ring of Amelioration (right hand) {rN+ Will+ Stlth+}
   (You found it in a Gauntlet)

   [ring of positive energy]

   rN:        It protects you from negative energy.
   Will:      It increases your willpower.
   Stlth:     It makes you more stealthy.
 x - an amulet of the acrobat
 I - an amulet of reflection
 L - a ring of see invisible (left hand)
Wands
 s - a wand of flame (19)
 B - a wand of roots (9)
 E - a wand of mindburst (16)
 J - a wand of light (6)
Scrolls
 f - 2 scrolls of amnesia
 g - a scroll of blinking {unknown}
 i - 9 scrolls of teleportation
 l - a scroll of enchant weapon {unknown}
 n - a scroll of immolation
 q - a scroll of poison {unknown}
 u - 2 scrolls of brand weapon {unknown}
 y - a scroll of fear {unknown}
 z - a scroll of noise {unknown}
 A - a scroll of vulnerability {unknown}
 G - a scroll of summoning {unknown}
Potions
 e - 6 potions of curing
 j - a potion of haste
 m - 4 potions of mutation
 p - a potion of attraction {unknown}
 C - a potion of ambrosia {unknown}
 F - a potion of flight {unknown}
 K - a potion of might {unknown}
 N - a potion of resistance {unknown}


   Skills:
 + Level 5.8 Fighting
 - Level 15.3 Dodging
 + Level 3.1 Stealth
 - Level 11.2 Spellcasting
 + Level 2.6 Invocations


You had 8 spell levels left.
You knew the following spells:

 Your Spells              Type           Power      Damage    Failure   Level
a - Freeze                Ice            100%       1d11      1%          1
b - Frozen Ramparts       Ice            100%       1d16      1%          3
c - Ozocubu's Armour      Ice            83%        N/A       1%          3
d - Hailstorm             Conj/Ice       83%        3d17      1%          4
e - Sting                 Tmut/Pois      100%       1d8       1%          1
f - Static Discharge      Conj/Air       64%        3-11/arc  1%          2
g - Tukima's Dance        Hex            64%        N/A       1%          3
h - Spider Form           Tmut/Pois      64%        N/A       1%          3
i - Summon Mana Viper     Hex/Summ       64%        N/A       1%          5
Your spell library was empty.

Dungeon Overview and Level Annotations

Branches:
Dungeon (10/15)            Temple (1/1) D:6            Lair (0/5) D:8
    Orc (2/2) D:10            Elf (0/3) Orc:2       Gauntlet (1/1)

Altars:
Ashenzari
Cheibriados
Dithmenos
Elyvilon
Fedhas
Gozag
Hepliaklqana
Makhleb
Nemelex Xobeh
Okawaru
Qazlal
Ru
Trog
Uskayaw
Wu Jian
Xom
Yredelemnul
The Shining One

Shops:
D:10 *

Annotations:
D:10 3 runed translucent doors
Temple 2 transporters Gauntlet 8 transporters, 1 runed translucent door


Innate Abilities, Weirdness & Mutations

You are immune to sickness and miasma.
You are immune to poison.
Your flesh is very heat resistant. (rF++)
You are vulnerable to cold. (rC-)
You float through the air rather than walking.
You learn spells naturally, not from books.
Your magical power is your life essence.
You have superior vitality. (+4 MHP)
You have a pair of small antennae on your head.
Your mind is acute. (Int +4, Str/Dex -1)
Armour fits poorly on your strangely shaped body.


Message History

Your mana viper bites the minotaur but does no damage.
The wall freezes the minotaur.
The minotaur hits you from afar with the +5 scythe "Finisher" {speed, eviscerate}!!
* * * LOW HITPOINT WARNING * * *
Your mana viper closely misses the minotaur.
The minotaur furiously retaliates!
The minotaur headbutts your mana viper!
Unknown command.
Unknown command.
Unknown command.
You feel much better.
The wall freezes the minotaur.
The minotaur hits you from afar with the +5 scythe "Finisher" {speed, eviscerate}!
* * * LOW HITPOINT WARNING * * *
Your mana viper bites the minotaur.
The wall freezes the minotaur.
The minotaur hits you but does no damage.
Unknown command.
Casting: Sting (safe; 1% risk of failure)
Confirm with . or Enter, or press ? or * to list all spells.
Okay, then.
Casting: Sting (safe; 1% risk of failure)
Confirm with . or Enter, or press ? or * to list all spells.
Okay, then.
Unknown command.
Unknown command.
Casting: Sting (safe; 1% risk of failure)
Confirm with . or Enter, or press ? or * to list all spells.
Okay, then.
Casting: Sting (safe; 1% risk of failure)
Confirm with . or Enter, or press ? or * to list all spells.
Okay, then.
Your icy armour and frozen ramparts will break if you move.
Continue?
Your icy armour cracks and falls away as you move.
The frozen ramparts melt away as you move.
Your mana viper bites the minotaur but does no damage.
The minotaur throws a silver javelin.
The silver javelin closely misses you.
Your mana viper completely misses the minotaur.
The minotaur furiously retaliates!
The minotaur headbutts your mana viper!
Unknown command.
The minotaur throws a silver javelin.
The silver javelin pierces through you!!
You die...

#8..........#..########
#.....#.#...#..#.+...#©
#######.#.#.©.#8.#.###.#.
?8[8.8#...#...#..#...#...
..H...HS###.©.#∩.###.####
?8=8.8#...#...#..#©#.....
#######.#.#.©.#8.#Z#####.
#.....#.#...#..#Z.[Z...
#8....@.....#..########
##.##.###..##..........
#........###..########
###########§..#...^...
##..#.##.##. #§..##..#..#
##..#©##©##. #≈..##..#..#
##..#.##.##.


You could see a minotaur (very poisoned, ally target) and a friendly mana viper
(summoned).

Vanquished Creatures
  A catoblepas (Gauntlet)
  2 two-headed ogres (D:9)
  A molten gargoyle (Gauntlet)
  A gargoyle (Gauntlet)
  4 trolls
  Grinder (D:5)
  2 hornets (Gauntlet)
  A wraith (D:8)
  11 yaks
  2 vampires (D:10)
  3 wyverns
  Grum (D:7)
  Menkaure (D:6)
  A warg (Orc:1)
  A water moccasin (D:8)
  A sky beast (D:3)
  6 orc warriors
  2 black bears
  2 ogres
  3 centaurs
  3 kobold brigands
  6 bullfrogs
  Blork the orc (D:5)
  A necrophage (D:7)
  The ghost of Taurus the Caller, an amateur FeSu (D:4)
  3 gnoll sergeants
  3 scorpions
  13 wights
  4 small abominations (Gauntlet)
  9 killer bees
  A howler monkey (D:6)
  12 hounds
  3 orc priests
  A jelly (D:4)
  4 gnoll boudas
  Crazy Yiuf (D:3)
  2 iguanas
  13 orc wizards
  6 adders
  25 gnolls
  5 white imps
  An ufetubus (D:5)
  3 worms
  A dart slug (D:5)
  37 orcs
  4 endoplasms
  A giant cockroach (D:1)
  5 hobgoblins
  7 jackals
  28 kobolds
  5 quokkas
  7 ball pythons
  10 bats
  6 frilled lizards
  6 goblins
  6 rats
291 creatures vanquished.

Vanquished Creatures (others)
  2 dancing weapons (D:8)
  A centaur (D:9)
  23 demonic plants (Gauntlet)
26 creatures vanquished.

Grand Total: 317 creatures vanquished

Notes
Turn   | Place    | Note
-------+----------+-------------------------------------------
     0 | D:1      | leafyfresh the Djinni Ice Elementalist began the quest for
                  | the Orb.
     0 | D:1      | leafyfresh set off with the following spells memorised:
                  | Freeze, Frozen Ramparts, Ozocubu's Armour, Hailstorm.
     0 | D:1      | Reached XP level 1. HP: 15/15 MP: 0/0
   759 | D:1      | Reached XP level 2. HP: 20/21 MP: 0/0
  1310 | D:1      | Found a faded altar of an unknown god.
  1813 | D:1      | Reached XP level 3. HP: 20/25 MP: 0/0
  1813 | D:1      | Learned a level 1 spell: Sting
  2289 | D:2      | Reached XP level 4. HP: 26/31 MP: 0/0
  2869 | D:2      | Reached XP level 5. HP: 33/35 MP: 0/0
  2869 | D:2      | Learned a level 2 spell: Static Discharge
  3166 | D:3      | Found a runed translucent door.
  3167 | D:3      | Noticed Crazy Yiuf
  3382 | D:3      | Noticed a sky beast
  3389 | D:3      | Killed a sky beast
  3390 | D:3      | Reached skill level 5 in Spellcasting
  3390 | D:3      | Reached XP level 6. HP: 18/40 MP: 0/0
  3671 | D:3      | Killed Crazy Yiuf
  3676 | D:3      | Identified the +5 hammer "Cadd" {freeze, rElec rC+ Int+4
                  | Dex+4}
  3721 | D:4      | Identified a scroll of acquirement
  3721 | D:4      | Acquired a manual of Dodging
  3769 | D:4      | Reached skill level 3 in Dodging
  3832 | D:4      | Reached skill level 4 in Dodging
  3923 | D:4      | Found a runed translucent gate.
  3923 | D:4      | Found a runed translucent gate.
  3924 | D:4      | Found a runed translucent gate.
  3925 | D:4      | Noticed Taurus's ghost (amateur FeSu)
  4100 | D:4      | Found a bloodstained altar of Trog.
  4135 | D:4      | Reached skill level 5 in Dodging
  4135 | D:4      | Reached XP level 7. HP: 44/46 MP: 0/0
  4135 | D:4      | Learned a level 3 spell: Tukima's Dance
  4316 | D:4      | Reached skill level 6 in Dodging
  4510 | D:4      | Reached skill level 7 in Dodging
  4510 | D:4      | Killed Taurus's ghost
  4564 | D:5      | Entered Level 5 of the Dungeon
  4594 | D:5      | Reached skill level 8 in Dodging
  4597 | D:5      | Noticed Grinder
  4617 | D:5      | Killed Grinder
  4618 | D:5      | Reached skill level 9 in Dodging
  4618 | D:5      | Reached XP level 8. HP: 25/51 MP: 0/0
  4874 | D:5      | Reached skill level 10 in Dodging
  5269 | D:5      | Reached skill level 11 in Dodging
  5374 | D:5      | Noticed Blork the orc
  5381 | D:5      | Killed Blork the orc
  5681 | D:5      | Gained mutation: Your mind is acute. (Int +4, Str/Dex -1)
                  | [potion of mutation]
  5681 | D:5      | Gained mutation: Armour fits poorly on your strangely
                  | shaped body. [potion of mutation]
  5681 | D:5      | Gained mutation: You have a pair of small antennae on your
                  | head. [potion of mutation]
  5763 | D:6      | Reached skill level 12 in Dodging
  5909 | D:6      | Reached skill level 13 in Dodging
  5918 | D:6      | Found a staircase to the Ecumenical Temple.
  5972 | D:6      | Reached XP level 9. HP: 52/56 MP: 0/0
  5972 | D:6      | Learned a level 3 spell: Spider Form
  6009 | Temple   | Entered the Ecumenical Temple
  6009 | Temple   | Found a transporter.
  6009 | Temple   | Found a transporter.
  6011 | Temple   | Found a transporter.
  6011 | Temple   | Found a transporter.
  6026 | Temple   | Became a worshipper of Makhleb the Destroyer
  6194 | D:6      | Reached skill level 14 in Dodging
  6315 | D:6      | Noticed Menkaure
  6319 | D:6      | Killed Menkaure
  6320 | D:6      | Reached skill level 15 in Dodging
  6659 | D:7      | Reached skill level 1 in Fighting
  6800 | D:7      | Reached * piety under Makhleb
  7056 | D:7      | Reached XP level 10. HP: 62/67 MP: 0/0
  7365 | D:7      | Noticed Grum
  7369 | D:7      | Killed Grum
  7387 | D:7      | Reached skill level 5 in Fighting
  7504 | D:7      | Reached ** piety under Makhleb
  7767 | D:8      | Found a staircase to the Lair.
  8350 | D:9      | Noticed a two-headed ogre
  8353 | D:9      | Reached *** piety under Makhleb
  8357 | D:9      | Killed a two-headed ogre
  8424 | D:9      | Reached XP level 11. HP: 36/75 MP: 0/0
  8424 | D:9      | Learned a level 5 spell: Summon Mana Viper
  8488 | D:9      | Noticed a two-headed ogre
  8495 | D:9      | Killed a two-headed ogre
  8727 | D:9      | Reached skill level 10 in Spellcasting
  8837 | D:9      | Found a hide-covered altar of Uskayaw.
  8952 | D:10     | Entered Level 10 of the Dungeon
  8966 | D:10     | Found a staircase to the Orcish Mines.
  9144 | D:10     | Found Wove Leta's Assorted Antiques.
  9149 | D:10     | Found an opulent altar of Gozag.
  9471 | D:10     | Found a runed translucent door.
  9526 | D:10     | Found a runed translucent door.
  9527 | D:10     | Noticed a cyclops
  9527 | D:10     | Noticed a two-headed ogre
  9528 | D:10     | Found a runed translucent door.
  9528 | D:10     | Noticed a two-headed ogre
  9528 | D:10     | Noticed a two-headed ogre
  9582 | Orc:1    | Entered Level 1 of the Orcish Mines
  9692 | Orc:1    | You are sucked into a shaft and drop 1 floor!
  9692 | Orc:2    | Entered Level 2 of the Orcish Mines
  9712 | Orc:2    | Found a staircase to the Elven Halls.
  9742 | Orc:2    | Reached **** piety under Makhleb
  9787 | Orc:2    | Found a gate leading to a gauntlet.
  9801 | Orc:2    | Reached skill level 1 in Invocations
  9802 | Gauntlet | Entered a Gauntlet
  9802 | Gauntlet | Found a transporter.
  9802 | Gauntlet | Found a transporter.
  9900 | Gauntlet | Found a transporter.
  9902 | Gauntlet | Noticed a moth of wrath
  9904 | Gauntlet | Found a transporter.
  9905 | Gauntlet | Found a transporter.
  9907 | Gauntlet | Found a transporter.
  9940 | Gauntlet | Found a transporter.
  9943 | Gauntlet | Found a transporter.
  9943 | Gauntlet | Found a transporter.
  9957 | Gauntlet | Found a transporter.
  9970 | Gauntlet | Found a runed translucent door.
  9974 | Gauntlet | Found a transporter.
  9983 | Gauntlet | Found a transporter.
  9985 | Gauntlet | Noticed a catoblepas
  9997 | Gauntlet | Found a transporter.
 10019 | Gauntlet | Found a transporter.
 10123 | Gauntlet | Reached XP level 12. HP: 46/81 MP: 0/0
 10199 | Gauntlet | Killed a catoblepas
 10246 | Gauntlet | Identified the ring of Amelioration {rN+ Will+ Stlth+}
 10283 | Gauntlet | Noticed a minotaur
 10292 | Gauntlet | HP: 2/82 [minotaur/the +5 scythe "Finisher" {speed,
                  | eviscerate} (31)]
 10295 | Gauntlet | Hit by a silver javelin thrown by a minotaur

Illustrated notes

Levels and vault maps discovered:
D:1:      mrwooster_arrival_arrow, layout_basic,
          dilly_ecumenical_altar_fadedgnrine, minivault_25, minmay_hexomino_f4
D:2:      layout_basic
D:3:      layout_basic, kiku_gazebo_pond_becter, corexii_leaking_fountain,
          kennysheep_cluttered_room, kennysheep_generic_room_12,
          uniq_crazy_yiuf_cottage
D:4:      layout_loops_ring, bloody_trog, gammafunk_ghost_nasty_kobolds
D:5:      layout_loops_cross, uniq_blork_the_orc, uniq_grinder
D:6:      layout_basic, temple_statues, uniq_menkaure
D:7:      layout_cave_pools, serial_gnoll_camp, gnoll_camp_mini_basic,
          grums_kennel, gnoll_camp_mini_hut, gnoll_camp_mini_hut,
          gnoll_camp_medium_01, minmay_checkerbox
D:8:      layout_rooms, lair_entry_dummy
D:9:      layout_rooms, general_overflow_altar, ebering_dispersal_statue_hall
D:10:     minmay_the_grid_triangle_9x9_rhombus_thin
          [minmay_the_grid_triangle_9x9_checkered,
          minmay_the_grid_triangle_9x9_prize_special,
          minmay_the_grid_triangle_9x9_swiss_cheese,
          minmay_the_grid_triangle_9x9_fully_insulated_deathbox],
          layout_long_grid, pdpol_temple_overflow_zin_treasury_gozag_greed,
          serial_shops, shop
Temple:   hellmonk_temple_divided_pantheon
Orc:1:    layout_caves, serial_shops, shop
Orc:2:    kennysheep_orc_mage_school, layout_caves, gauntlet_entry_generic,
          nicolae_orc_pool_cavern, nooodl_orcs_dogs
Gauntlet: gammafunk_gauntlet_mixed_choke_point [minmay_gauntlet_arena_77_mess,
          minmay_gauntlet_arena_77_hold_the_fort,
          minmay_gauntlet_arena_77_checkered, gammafunk_gauntlet_arena_hedges,
          minmay_gauntlet_arena_77_braids, minmay_gauntlet_arena_77_path,
          minmay_gauntlet_arena_77_squiggly,
          nicolae_gauntlet_exit_dead_adventurers]

Skill      XL: |  1  2  3  4  5  6  7  8  9 10 11 12 |
---------------+-------------------------------------+-----
Spellcasting   | 4 5 6 9 11 | 11.2
Dodging        | 5 9 13 15 | 15.3
Fighting       | 4 5 |  5.8
Stealth        | 2 3 |  3.1
Invocations    | 1 2 |  2.6

Action                   |  1- 3 |  4- 6 |  7- 9 | 10-12 || total
-------------------------+-------+-------+-------+-------++-------
Melee: Staff             |    29 |    29 |     1 |    15 ||    74
       Short sword       |    27 |       |       |       ||    27
       Mace              |       |    15 |    32 |       ||    47
       Punch             |       |       |     1 |     1 ||     2
 Cast: Freeze            |    25 |    18 |     2 |     1 ||    46
       Frozen Ramparts   |     4 |    17 |    29 |    31 ||    81
       Ozocubu's Armour  |     1 |     2 |    22 |    30 ||    55
       Sting             |       |    14 |    75 |    29 ||   118
       Static Discharge  |       |       |    39 |    77 ||   116
       Tukima's Dance    |       |       |     1 |     5 ||     6
       Hailstorm         |       |       |     7 |    47 ||    54
       Summon Mana Viper |       |       |       |     2 ||     2
Evoke: Wand              |       |       |       |     1 ||     1
  Use: Scroll            |       |     5 |       |     7 ||    12
       Potion            |       |       |     1 |     4 ||     5
 Stab: Sleeping          |     2 |     3 |       |       ||     5
       Distracted        |       |       |     1 |       ||     1
Armor: Robe              |    22 |    16 |    16 |    16 ||    70
Dodge: Dodged            |    71 |    55 |    73 |   105 ||   304
